 Dungeon Crawl Stone Soup version 0.29.1-4-g47bece8355 (webtiles) character file.

Game seed: 1352524336128314185

3369 razgard the Fighter (level 9, 0/80 HPs)
             Began as a Minotaur Hunter on Dec 8, 2022.
             Was a Believer of Hepliaklqana.
             Slain by a hornet (9 damage)
             ... while paralysed by a hornet
             ... on level 8 of the Dungeon.
             The game lasted 00:17:05 (10244 turns).

razgard the Fighter (Minotaur Hunter)              Turns: 10244, Time: 00:17:06

Health: 0/80       AC:  7    Str: 19    XL:     9   Next: 73%
Magic:  8/8        EV:  2    Int:  6    God:    Hepliaklqana [**....]
Gold:   79         SH:  0    Dex: 17    Spells: 8/8 levels left

rFire   . . .      SeeInvis .   E - +4 shortbow "Sarch" {vorpal, Drain Will+ Dex+2}
rCold   . . .      Faith    .   (shield currently unavailable)
rNeg    . . .      Spirit   .   s - +0 ring mail
rPois   .          Reflect  .   (helmet restricted)
rElec   .          Harm     .   (no cloak)
rCorr   .          Rampage  .   k - +0 pair of gloves
Will    +....                   (no boots)
Stlth   +.........              h - amulet of magic regeneration
HPRegen 0.23/turn               (no ring)
MPRegen 0.51/turn               (no ring)

@: paralysed, lethally poisoned (0 -> -7), slowed
A: reduced essence, horns 2, retaliatory headbutt
a: Renounce Religion, Recall Ancestor, Ancestor Identity


You were on level 8 of the Dungeon.
You worshipped Hepliaklqana.
Hepliaklqana was pleased with you.
You visited 1 branch of the dungeon, and saw 8 of its levels.
You also visited: Sewer.

You collected 383 gold pieces.
You spent 304 gold pieces at shops.

Inventory:

Hand Weapons
 a - a +0 shortbow
 r - a +1 flail of protection
 E - the +4 shortbow "Sarch" (weapon) {vorpal, Drain Will+ Dex+2}
   (You bought it in a shop on level 8 of the Dungeon)

   Any ammunition fired from it inflicts extra damage upon your enemies.
   Dex:       It affects your dexterity (+2).
   Drain:     It drains your maximum health when unequipped.
   Will:      It increases your willpower.
Missiles
 c - a throwing net
Armour
 k - a +0 pair of gloves (worn)
 s - a +0 ring mail (worn)
Jewellery
 h - an amulet of magic regeneration (around neck)
 n - a ring of ice
Wands
 y - a wand of digging (4)
 B - a wand of roots (7)
 C - a wand of polymorph (9)
 D - a wand of light (11)
Scrolls
 b - 4 scrolls of immolation
 d - a scroll of fear
 f - 2 scrolls of vulnerability {unknown}
 g - 4 scrolls of enchant armour {unknown}
 i - 8 scrolls of identify {unknown}
 j - a scroll of blinking {unknown}
 l - 2 scrolls of butterflies {unknown}
 m - a scroll of poison {unknown}
 q - 4 scrolls of teleportation {unknown}
 u - a scroll of amnesia {unknown}
 v - a scroll of enchant weapon {unknown}
Potions
 o - 6 potions of heal wounds {unknown}
 p - 3 potions of attraction {unknown}
 t - a potion of degeneration {unknown}
 w - 3 potions of brilliance {unknown}
 x - a potion of haste {unknown}
 z - a potion of invisibility {unknown}
 A - a potion of mutation {unknown}


   Skills:
 + Level 11.6 Fighting
 + Level 10.7 Maces & Flails
 - Level 5.0 Ranged Weapons
 + Level 4.2 Armour
 - Level 2.1 Dodging
 - Level 0.7 Stealth


You had 8 spell levels left.
You didn't know any spells.
Your spell library contained the following spells:

 Spells                   Type           Power      Damage    Failure   Level
 Apportation              Tloc           0%         N/A       63%         1
 Necrotise                Necr           0%         1d4       63%         1
 Shock                    Conj/Air       0%         1d3       63%         1
 Sting                    Tmut/Pois      0%         1d3       63%         1
 Blink                    Tloc           0%         N/A       77%         2
 Poisonous Vapours        Pois/Air       0%         N/A       77%         2
 Call Canine Familiar     Summ           0%         N/A       94%         3
 Frozen Ramparts          Ice            0%         1d1       94%         3
 Gell's Gravitas          Tloc           0%         N/A       94%         3
 Lesser Beckoning         Tloc           0%         N/A       94%         3
 Portal Projectile        Hex/Tloc       0%         N/A       94%         3
 Swiftness                Air            0%         N/A       94%         3
 Teleport Other           Tloc           0%         N/A       94%         3
 Vampiric Draining        Necr           0%         2d6       94%         3
 Airstrike                Air            0%         2d(0-16)  100%        4
 Hailstorm                Conj/Ice       0%         3d3       100%        4
 Leda's Liquefaction      Hex/Erth       0%         N/A       100%        4
 Olgreb's Toxic Radiance  Pois           0%         N/A       100%        4
 Agony                    Necr           0%         N/A       100%        5
 Alistair's Intoxication  Tmut/Pois      0%         N/A       100%        5
 Manifold Assault         Tloc           0%         N/A       100%        5
 Summon Forest            Summ/Tloc      0%         N/A       100%        5


Dungeon Overview and Level Annotations

Branches:
Dungeon (8/15)             Temple (0/1) D:5           Sewer (visited)
   Lair: D:8-11

Altars:
Gozag
Hepliaklqana
Okawaru
Qazlal
Ru
Trog
Vehumet
Zin

Shops:
D:5 *   D:8 (

Annotations:
D:4 3 runed translucent doors, KittyFluff's ghost, amateur GrBe
D:5 1 transporter, LustLizard's ghost, novice OpTm


Innate Abilities, Weirdness & Mutations

Your life essence is reduced to manifest your ancestor. (-10% HP)
You have a pair of horns on your head.
You reflexively headbutt those who attack you in melee.


Message History

You shoot an arrow. The arrow misses the killer bee.
The arrow hits the hornet but does no damage.
The hornet is lightly wounded.
You shoot an arrow. The arrow hits the killer bee!
The killer bee is almost dead.
The killer bee stings you but does no damage. x2
You shoot an arrow. The arrow barely misses the killer bee.
The arrow completely misses the hornet.
The killer bee stings you but does no damage. x2
The killer bee stings you.
You shoot an arrow. The arrow hits the killer bee.
You kill the killer bee!
The hornet stings you!
You feel yourself slow down.
You shoot an arrow. The arrow misses the hornet.
The hornet stings you but does no damage.
The hornet stings you!
You feel as though you will be slow longer.
The hornet stings you!
* * * LOW HITPOINT WARNING * * *
You feel as though you will be slow longer.
You feel better. The hornet stings you.
* * * LOW HITPOINT WARNING * * *
You are poisoned.
You feel as though you will be slow longer.
The hornet stings you!
* * * LOW HITPOINT WARNING * * *
You feel as though you will be slow longer.
You feel better. The hornet stings you.
* * * LOW HITPOINT WARNING * * *
You suddenly lose the ability to move!
The hornet stings you!
* * * LOW HITPOINT WARNING * * *
You feel as though you will be slow longer.
The hornet stings you.
* * * LOW HITPOINT WARNING * * *
You are poisoned.
You feel as though you will be slow longer.
* * * LOW HITPOINT WARNING * * *
You feel very sick. The hornet stings you!
You die...

#####.##### ...#.......#......#
#.........#.. ......_.....####.#
#..##.###.#.. #.......### #.#
...##.# #.#.. ##.....## #.#
..###.###.#.# ##...## #.#
......#...#.# ##.## ..#####.###.#
#..# ........###.########.#######
.#.##...)......y@...........
...##.#####.########.############
#####.# #.#...................#
... #.#.######.##########.# .#.#
#.#........R........#.# #.#.#
#.########.########.#.# #
#>#.###.# #...........#.#
#.......###################.#
#.#.........................#


You could see a hornet.

Vanquished Creatures
  Grinder (D:3)
  A yak (D:6)
  A steam dragon (D:6)
  An acid dragon (D:8)
  An orc warrior (D:7)
  2 ice beasts
  2 sky beasts (D:7)
  2 black bears (D:5)
  An ogre (D:6)
  A bullfrog (D:7)
  2 necrophages
  2 scorpions
  2 killer bees (D:8)
  2 howler monkeys (D:6)
  10 hounds
  7 jellies
  2 gnoll boudas (D:6)
  An orc priest (D:7)
  An iguana (D:4)
  14 gnolls
  12 adders
  6 river rats
  A white imp (D:6)
  2 ufetubi
  3 worms
  A dart slug (D:3)
  17 orcs
  19 ball pythons
  9 endoplasms
  A giant cockroach (D:4)
  6 goblins
  11 hobgoblins
  4 jackals (D:3)
  29 kobolds
  6 quokkas
  7 bats
  4 frilled lizards
  27 rats
221 creatures vanquished.

Vanquished Creatures (collateral kills)
  A black bear (D:6)
  2 sky beasts
  An ogre (D:6)
  A scorpion (D:6)
  A howler monkey (D:6)
  An adder (D:6)
  2 orcs
9 creatures vanquished.

Vanquished Creatures (others)
  2 ancestors
  A hexer (D:8)
3 creatures vanquished.

Grand Total: 233 creatures vanquished

Notes
Turn   | Place    | Note
-------+----------+-------------------------------------------
     0 | D:1      | razgard the Minotaur Hunter began the quest for the Orb.
     0 | D:1      | Reached XP level 1. HP: 18/18 MP: 0/0
   137 | D:1      | Reached XP level 2. HP: 25/25 MP: 1/1
   157 | D:1      | Found a faded altar of an unknown god.
   167 | D:1      | Reached skill level 5 in Ranged Weapons
   700 | D:2      | Reached skill level 1 in Maces & Flails
   745 | D:1      | Reached skill level 3 in Fighting
   745 | D:1      | Reached XP level 3. HP: 14/31 MP: 2/2
  2021 | D:3      | Reached XP level 4. HP: 40/40 MP: 3/3
  2094 | D:3      | Reached skill level 4 in Fighting
  2453 | D:3      | Found a sacrificial altar of Ru.
  2476 | D:3      | Noticed Grinder
  2507 | D:3      | Reached skill level 5 in Fighting
  2606 | D:2      | Reached XP level 5. HP: 24/48 MP: 4/4
  3122 | D:3      | Paralysed by Grinder for 3 turns
  3126 | D:3      | Killed Grinder
  3127 | D:3      | Reached skill level 6 in Fighting
  3127 | D:3      | Reached XP level 6. HP: 46/58 MP: 5/5
  3951 | D:4      | Found a runed translucent gate.
  3951 | D:4      | Found a runed translucent gate.
  3951 | D:4      | Found a runed translucent gate.
  3951 | D:4      | Noticed KittyFluff's ghost (amateur GrBe)
  3969 | D:4      | Found a glowing silver altar of Zin.
  4293 | D:4      | Reached skill level 5 in Maces & Flails
  4361 | D:4      | Reached skill level 7 in Fighting
  4361 | D:4      | Reached XP level 7. HP: 60/66 MP: 6/6
  4373 | D:4      | Got the Exposition on Frozen Translocation
  4833 | D:5      | Entered Level 5 of the Dungeon
  4846 | D:5      | Found a radiant altar of Vehumet.
  4874 | D:5      | Found a hazy altar of Hepliaklqana.
  4893 | D:5      | Became a worshipper of Hepliaklqana the Forgotten
  4911 | D:5      | Found an iron altar of Okawaru.
  4949 | D:5      | Found a staircase to the Ecumenical Temple.
  4972 | D:5      | Found Tekleap's Assorted Antiques.
  5285 | D:5      | Reached skill level 8 in Fighting
  5310 | D:5      | Found a glowing drain.
  5316 | Sewer    | Entered a sewer
  6037 | D:5      | Reached XP level 8. HP: 49/75 MP: 7/7
  6541 | D:5      | Identified the +1 great mace "Mutwy" {flame, *Slow Int+7}
  6542 | D:5      | Found a transporter.
  6542 | D:5      | Noticed LustLizard's ghost (novice OpTm)
  6664 | D:6      | Reached skill level 9 in Fighting
  6856 | D:6      | Reached * piety under Hepliaklqana
  7316 | D:6      | Reached skill level 10 in Fighting
  7470 | D:6      | Found a stormy altar of Qazlal.
  7473 | D:6      | Noticed an air elemental
  7497 | D:6      | Reached XP level 9. HP: 77/77 MP: 8/8
  7702 | D:6      | Found a bloodstained altar of Trog.
  8037 | D:6      | Noticed a manticore
  8355 | D:6      | Reached skill level 11 in Fighting
  8355 | D:6      | Reached skill level 10 in Maces & Flails
  8355 | D:6      | Reached skill level 1 in Armour
  9789 | D:7      | Reached ** piety under Hepliaklqana
  9888 | D:7      | Remembered your ancestor Lil' Circle Dude as a hexer
 10006 | D:8      | Found Nebea's Antique Weapon Shop.
 10015 | D:8      | Bought a steaming shortbow for 304 gold pieces
 10015 | D:8      | Identified the +4 shortbow "Sarch" {vorpal, Drain Will+
                  | Dex+2} (You bought it in a shop on level 8 of the Dungeon)
 10091 | D:8      | Found an opulent altar of Gozag.
 10243 | D:8      | Paralysed by a hornet for 2 turns
 10244 | D:8      | Slain by a hornet

Illustrated notes

Levels and vault maps discovered:
D:1:      mrwooster_arrival_statue_2, layout_basic,
          hellmonk_ecumenical_altar_lost_god, eino_curves_03
D:2:      layout_basic, serial_glass, glass_columns_b, glass_columns_b,
          minmay_goblin_outpost
D:3:      layout_basic, mainiacjoe_overflow_surrounded_room, uniq_grinder
D:4:      minmay_octagon_keep, layout_loops_ring, zin_academy,
          gammafunk_ghost_necromancy, skrybe_limestone_x, hex_medium,
          kennysheep_generic_room_4
D:5:      layout_basic, old_standard_altar, mainiacjoe_overflow_chevrons,
          lemuel_doored_altar, minmay_temple_entry_large_hall,
          portal_sewer_entry_e, serial_shops, nicolae_shop_trees,
          gammafunk_ghost_smash
D:6:      cheibrodos_quashed, layout_basic, mainiacjoe_overflow_alcove_2,
          nicolae_qazlal_style_of_elements, minmay_divided_ellipse
D:7:      layout_loops_ring
D:8:      layout_basic, lemuel_round_altar, dpeg_lair_monsters,
          hangedman_decor_peaks_small, nicolae_stop_n_shop_2

Skill      XL: |  1  2  3  4  5  6  7  8  9 |
---------------+----------------------------+-----
Ranged Weapons | 5 |  5.0
Maces & Flails | 1 2 4 5 7 9 10 | 10.7
Fighting       | 3 5 6 7 8 10 11 | 11.6
Armour         | 4 |  4.2
Dodging        | |  2.1
Stealth        | |  0.7

Action                   |  1- 3 |  4- 6 |  7- 9 || total
-------------------------+-------+-------+-------++-------
Melee: Flail             |    15 |    79 |   284 ||   378
       Headbutt          |     5 |    10 |    69 ||    84
       Punch             |       |     1 |     3 ||     4
 Fire: Shortbow          |   104 |    35 |    44 ||   183
Invok: Ancestor Identity |       |       |     1 ||     1
       Ancestor Life: He |       |       |     1 ||     1
  Use: Scroll            |       |     2 |     1 ||     3
       Potion            |       |       |     5 ||     5
Armor: Leather armour    |    17 |       |       ||    17
       Ring mail         |     3 |    40 |   164 ||   207
       Skin              |     1 |       |       ||     1
Dodge: Dodged            |    46 |    64 |   209 ||   319
